Map: King's Cove LE

Players

GangusKaun

  • Race: Protoss Protoss
  • League: Gold
  • Spawn Location: 5:00

WileyL - Winner!

  • Race: Protoss Protoss
  • League: Gold
  • Spawn Location: 11:00

VOD

Have the link to the VOD?

Description

Time

  • Played on: Dec. 8, 2024, 5:43 p.m.
  • Length: 8:57
Show
View Real Time Build Order
Export as new Build Order

GangusKaun Protoss 

Build Orders:  

Get SALT Encoding   

  12  0:00  Probe  
  13  0:13  Probe  
  14  0:19  Pylon  
  14  0:25  Probe  
  15  0:37  Probe  
  16  0:42  Gateway  
  16  0:47  Probe  
  17  0:53  Assimilator  
  17  0:55  Probe  
  17  1:04  Probe  
  19  1:16  Probe  
  20  1:28  Probe  
  21  1:39  Cybernetics Core  
  21  1:40  Probe  
  22  1:52  Probe  
  23  1:58  Nexus  
  23  2:23  Assimilator  
  23  2:25  Pylon  
  23  2:31  Warp Gate  
  23  2:43  Probe  
  24  2:44  Zealot  
  26  2:53  Pylon  
  26  2:56  Probe  
  27  2:59  Shield Battery  
  27  3:08  Probe  
  27  3:10  Probe  
  29  3:16  Gateway  
  29  3:17  Gateway  
  29  3:20  Twilight Council, Probe  
  29  3:23  Assimilator, Probe  
  29  3:24  Sentry  
  33  3:32  Probe  
  34  3:35  Probe  
  35  3:44  Probe  
  32  3:56  Stalker  
  31  4:06  Blink  
  28  4:22  Stalker x2  
  27  4:39  Stalker  
  26  4:51  Probe  
  25  4:55  Probe  
  25  4:59  Probe  
  27  5:05  Robotics Facility  
  27  5:06  Pylon, Probe  
  28  5:09  Shield Battery  
  29  5:14  Probe  
  29  5:19  Probe  
  30  5:22  Probe  
  30  5:27  Probe  
  33  5:38  Probe  
  34  5:49  Pylon  
  34  5:52  Observer  
  34  5:56  Probe  
  36  6:02  Probe  
  37  6:18  Observer  
  37  6:25  Stalker x2  
  42  6:33  Shield Battery  
  42  6:35  Probe  
  43  6:40  Probe  
  43  6:43  Probe  
  45  7:03  Probe  
  45  7:04  Immortal, Probe  
  51  7:39  Immortal, Gateway  
  51  7:40  Probe x2  
  51  7:42  Forge  
  57  8:04  Templar Archives  
  56  8:07  Stalker  
  44  8:42  Zealot x4  
Show
View Real Time Build Order
Export as new Build Order

WileyL Protoss - Winner!

Build Orders:  

Get SALT Encoding   

  12  0:00  Probe  
  13  0:12  Probe  
  14  0:19  Pylon  
  14  0:26  Probe  
  15  0:38  Gateway  
  15  0:45  Probe  
  16  0:51  Assimilator  
  16  0:53  Probe  
  16  0:58  Assimilator  
  16  1:03  Probe  
  18  1:16  Gateway  
  18  1:36  Probe  
  19  1:44  Cybernetics Core  
  19  1:54  Pylon  
  19  1:58  Probe  
  20  2:10  Probe  
  20  2:14  Adept x2  
  20  2:15  Warp Gate  
  21  2:22  Probe  
  26  2:42  Nexus  
  26  2:44  Probe  
  27  3:01  Probe  
  28  3:07  Stalker  
  30  3:19  Pylon  
  30  3:21  Pylon  
  30  3:34  Stalker  
  32  3:54  Probe x2  
  34  4:21  Probe x2  
  36  4:38  Probe x2  
  36  4:47  Stalker x2  
  36  4:50  Probe x2  
  40  4:53  Forge  
  40  4:58  Stargate, Twilight Council  
  40  5:00  Gateway x2  
  40  5:02  Probe x2  
  42  5:11  Probe  
  42  5:13  Zealot  
  42  5:14  Zealot, Blink, Probe  
  46  5:19  Assimilator, Probe  
  48  5:22  Assimilator  
  48  5:26  Probe  
  50  5:29  Probe  
  50  5:32  Oracle  
  51  5:36  Protoss Ground Weapons Level 1  
  51  5:41  Probe  
  55  5:43  Probe  
  55  5:49  Stalker x2  
  60  5:53  Probe  
  60  5:55  Probe  
  62  6:06  Pylon  
  62  6:16  Photon Cannon  
  62  6:17  Photon Cannon  
  62  6:22  Pylon  
  62  6:24  Probe x2  
  64  6:32  Stalker  
  64  6:33  Stalker, Sentry  
  64  6:38  Pylon  
  70  6:40  Probe x2  
  72  6:52  Probe  
  73  7:01  Stalker x3  
  77  7:02  Zealot  
  77  7:06  Charge  
  77  7:08  Robotics Facility  
  85  7:11  Pylon  
  85  7:12  Void Ray  
  85  7:14  Pylon  
  85  7:15  Pylon  
  85  7:38  Stalker x4  
  93  7:59  Warp Prism  
  93  8:02  Nexus  
  93  8:05  Pylon  
  93  8:07  Pylon  
  95  8:13  Probe  
  95  8:15  Probe  
  97  8:26  Probe  
Tags
 
League
GoldGold
Matchup
PvP
Spawn Locations
Cross Positions
Add a new tag
Caveats
  • Supply blocks, unpowered buildings, or Contaminate may cause inaccurate times.
  • Supply counts are checked every 10 seconds.